 Dungeon Crawl Stone Soup version 0.29.0-11-gd7f09526c8 (webtiles) character file.

Game seed: 16744344637240090339

310 Zeldest the Agent of Entropy (level 7, -8/55 HPs)
             Began as a Meteoran Warper on Sept 3, 2022.
             Was a Priest of Lugonu.
             Killed from afar by Ijyb (13 damage)
             ... with a bolt of dispelling energy
             ... on level 4 of the Dungeon.
             The game lasted 00:07:52 (1595 turns).

Zeldest the Agent of Entropy (Meteoran Warper)      Turns: 1595, Time: 00:07:53

Health: -8/55      AC: 11    Str: 17    XL:     7   Next: 1%
Magic:  0/12       EV: 11    Int: 13    God:    Lugonu [***...]
Gold:   1095       SH:  0    Dex: 22    Spells: 11/11 levels left

rFire   . . .      SeeInvis .   g - +0 broad axe
rCold   . . .      Faith    .   (no shield)
rNeg    . . .      Spirit   +   s - +0 scale mail
rPois   .          Reflect  .   d - +0 helmet
rElec   +          Harm     .   (no cloak)
rCorr   +          Rampage  .   (no gloves)
Will    .....                   (no boots)
Stlth   ..........              j - amulet of guardian spirit
HPRegen 0.18/turn               h - ring of Uzxekk {rElec rCorr Str+3 Dex-2}
MPRegen 0.13/turn               b - +6 ring of dexterity

@: glowing
A: sense surroundings 1, otherworldly, glowing, explore regen, iridescent scales
2, agile 1
a: Renounce Religion, Depart the Abyss, Bend Space, Banish


You were on level 4 of the Dungeon.
You worshipped Lugonu.
Lugonu was most pleased with you.
You visited 1 branch of the dungeon, and saw 5 of its levels.

You collected 1095 gold pieces.

Inventory:

Hand Weapons
 g - a +0 broad axe (weapon)
Missiles
 c - 7 boomerangs of dispersal (quivered)
 i - 2 curare-tipped darts
Armour
 d - a +0 helmet (worn)
 s - a +0 scale mail (worn)
 t - a +0 plate armour
Jewellery
 b - a +6 ring of dexterity (right hand)
 h - the ring of Uzxekk (left hand) {rElec rCorr Str+3 Dex-2}
   (You acquired it on level 5 of the Dungeon)

   [ring of resist corrosion]

   Str:       It affects your strength (+3).
   Dex:       It affects your dexterity (-2).
   rElec:     It insulates you from electricity.
   rCorr:     It protects you from acid and corrosion.
 j - an amulet of guardian spirit (around neck)
 o - a ring of wizardry
Scrolls
 a - a scroll of torment {unknown}
 e - 2 scrolls of immolation
 l - a scroll of noise {unknown}
 n - 2 scrolls of amnesia
 p - 2 scrolls of teleportation
 q - a scroll of enchant weapon {unknown}
 r - 2 scrolls of enchant armour {unknown}
Potions
 f - a potion of attraction
 k - a potion of magic
 u - 3 potions of mutation


   Skills:
 - Level 2.1 Fighting
 + Level 5.1 Axes
 - Level 1.2 Throwing
 - Level 1.2 Armour
 - Level 2.4 Dodging
 - Level 2.8 Unarmed Combat
 - Level 2.6 Spellcasting
 - Level 3.6 Translocations
 + Level 5.4 Invocations


You had 11 spell levels left.
You didn't know any spells.
Your spell library contained the following spells:

 Spells                   Type           Power      Damage    Failure   Level
 Blink                    Tloc           22%        N/A       28%         2
 Gell's Gravitas          Tloc           11%        N/A       50%         3
 Lesser Beckoning         Tloc           11%        N/A       50%         3
 Teleport Other           Tloc           11%        N/A       50%         3
 Poisonous Vapours        Pois/Air       2%         N/A       77%         2
 Manifold Assault         Tloc           11%        N/A       99%         5
 Corpse Rot               Necr/Pois/Air  1%         N/A       100%        4
 Malign Gateway           Summ/Tloc      3%         N/A       100%        7
 Summon Horrible Things   Summ           0%         N/A       100%        8


Dungeon Overview and Level Annotations

Branches:
Dungeon (5/15) Zot: 1327
 Temple: D:4-7

Altars:
Cheibriados
Okawaru
Lugonu

Annotations:
D:4 Ijyb


Innate Abilities, Weirdness & Mutations

You passively map a small area around you.
You are easily found by Zot.
You glow in the dark.
You regain HP and MP as you explore.
You are mostly covered in iridescent scales. (AC +4)
You are agile. (Dex +4, Str/Int -1)


Message History

You slash the gnoll! The gnoll closely misses you. The gnoll barely misses you.
You hit the gnoll.
The gnoll is almost dead.
You hit the gnoll.
The gnoll closely misses you. x3; The gnoll misses you.
You hit the gnoll.
You kill the gnoll!
Lugonu accepts your kill.
You slash the gnoll!
You kill the gnoll!
Lugonu accepts your kill. Ijyb hits you but does no damage.
Ijyb zaps a wand.
The bolt of dispelling energy hits you.
You have reached level 7!
You aren't carrying any items that you can evoke.
Unknown command.
You closely miss Ijyb. Ijyb barely misses you.
You barely miss Ijyb.
Ijyb hits you with a +0 club. x2; Ijyb zaps a wand.
The bolt of dispelling energy hits you!!
Okay, then.
It was a potion of brilliance.
You feel clever all of a sudden. Ijyb barely misses you.
Okay, then.
You aren't carrying any items that you can evoke.
Unknown command.
As you read the scroll labelled KENGUNEEFI, it crumbles to dust.
You feel strangely unstable.
It was a scroll of teleportation.
Ijyb zaps a wand.
The bolt of dispelling energy hits you!
You feel strangely stable.
Your magical effects are unravelling.
* * * LOW HITPOINT WARNING * * *
Ijyb hits you but does no damage. Ijyb attacks as you move away!
Ijyb hits you but does no damage.
You feel a little less clever now. Ijyb hits you with a +0 club.
* * * LOW HITPOINT WARNING * * *
Ijyb attacks as you move away! Ijyb hits you with a +0 club.
* * * LOW HITPOINT WARNING * * *
Ijyb zaps a wand.
The bolt of dispelling energy hits you!
You die...

##. ......
, #..
...... *
#.. ..... ,
#.#* ...#
#.# *...#
###.###...#
, , ,
#...g..# *
#.#.##@# #
#..))# ***
#.####.# ,
*, *
#......# ,
, ##.....#
, , #.###.#
, , *
#.#...# , ,
#.#.#.# * ,
, , #.....#
* *<


You could see Ijyb (fast).

Vanquished Creatures
  A centaur (D:5)
  A scorpion (D:5)
  A jelly (D:5)
  6 gnolls (D:4)
  2 adders
  A shadow imp (D:5)
  A white imp (D:5)
  An ufetubus (D:5)
  A dart slug (D:5)
  2 orcs
  A ball python (D:1)
  2 bats (D:1)
  An endoplasm (D:4)
  2 giant cockroaches (D:4)
  5 hobgoblins
  6 jackals
  3 quokkas
  2 frilled lizards
  3 goblins
  3 kobolds
  5 rats
50 creatures vanquished.

Notes
Turn   | Place    | Note
-------+----------+-------------------------------------------
     0 | D:1      | Zeldest the Meteoran Warper began the quest for the Orb.
     0 | D:1      | Reached XP level 1. HP: 17/17 MP: 5/5
    55 | D:1      | Found a faded altar of an unknown god.
    97 | D:1      | Prayed at the altar of an unknown god.
    97 | D:1      | Became a worshipper of Lugonu the Unformed
    97 | D:1      | Reached * piety under Lugonu
    97 | D:1      | Reached ** piety under Lugonu
   235 | D:1      | Reached XP level 2. HP: 21/24 MP: 6/6
   250 | D:1      | Reached skill level 1 in Axes
   438 | D:2      | Reached skill level 1 in Invocations
   656 | D:2      | Reached XP level 3. HP: 29/29 MP: 8/8
  1000 | D:4      | Reached XP level 4. HP: 33/36 MP: 9/9
  1120 | D:5      | Entered Level 5 of the Dungeon
  1120 | D:5      | Found an iron altar of Okawaru.
  1121 | D:5      | Noticed a scorpion
  1137 | D:5      | Noticed a centaur
  1140 | D:5      | Killed a scorpion
  1141 | D:5      | Reached XP level 5. HP: 19/41 MP: 4/10
  1148 | D:5      | Killed a centaur
  1149 | D:5      | Reached XP level 6. HP: 6/48 MP: 3/11
  1250 | D:5      | Identified 2 scrolls of acquirement
  1251 | D:5      | Acquired 934 gold pieces
  1253 | D:5      | Acquired the ring of Uzxekk {rElec rCorr Str+3 Dex-2}
  1302 | D:4      | Noticed a black bear
  1324 | D:5      | Reached *** piety under Lugonu
  1339 | D:5      | Found a snail-covered altar of Cheibriados.
  1433 | D:5      | Reached skill level 5 in Invocations
  1562 | D:4      | Gained mutation: You are partially covered in iridescent
                  | scales. (AC +2) [potion of mutation]
  1562 | D:4      | Gained mutation: You are agile. (Dex +4, Str/Int -1)
                  | [potion of mutation]
  1562 | D:4      | Gained mutation: You are mostly covered in iridescent
                  | scales. (AC +4) [potion of mutation]
  1580 | D:4      | Reached skill level 5 in Axes
  1581 | D:4      | Noticed Ijyb
  1587 | D:4      | Reached XP level 7. HP: 41/55 MP: 8/12
  1595 | D:4      | Killed from afar by Ijyb

Illustrated notes

Levels and vault maps discovered:
D:1:      lightli_arrival_farm, layout_basic, hellmonk_ecumenical_altar_blasted
D:2:      layout_basic
D:3:      layout_rooms, serial_bayou_lake_a
D:4:      layout_loops_cross, st_stairs_11, ebering_dispersal_statue_hall,
          dreamdust_princess_bridge, hex_medium, uniq_ijyb
D:5:      layout_gridville, nicolae_overflow_crystal_walls,
          mainiacjoe_overflow_catwalk, mainiacjoe_overflow_brackets,
          nicolae_concentric_dashed_squares_wild

Skill      XL: |  1  2  3  4  5  6 |
---------------+-------------------+-----
Axes           | 1 2 3 4 5 |  5.1
Invocations    | 1 2 3 4 5 |  5.4
Fighting       | |  2.1
Throwing       | |  1.2
Armour         | |  1.2
Dodging        | |  2.4
Unarmed Combat | |  2.8
Spellcasting   | |  2.6
Translocations | |  3.6

Action                   |  1- 3 |  4- 6 |  7- 9 || total
-------------------------+-------+-------+-------++-------
Melee: Broad axe         |    97 |    61 |     2 ||   160
       Unarmed           |     8 |       |       ||     8
       Punch             |     1 |     2 |       ||     3
  Use: Scroll            |       |    10 |     1 ||    11
       Potion            |       |     2 |     1 ||     3
Armor: Ring mail         |    33 |       |       ||    33
       Leather armour    |     2 |       |       ||     2
       Scale mail        |    35 |    50 |     2 ||    87
       Skin              |       |     9 |       ||     9
Dodge: Dodged            |    59 |    52 |     2 ||   113
